Map: 2000 Atmospheres LE

Players

ABTcoachAlt

  • Race: Zerg Zerg

Eleven

  • Race: Zerg Zerg
  • League: Diamond

A.I. 2 (Very Easy) - Winner!

  • Race: Protoss Protoss

VOD

Have the link to the VOD?

Description

Time

  • Played on: May 2, 2021, 4:37 a.m.
  • Length: 8:32
Show
View Real Time Build Order
Export as new Build Order

ABTcoachAlt Zerg 

Build Orders: Hatch First 

Get SALT Encoding   

  12  0:00  Drone  
  13  0:12  Overlord  
  13  0:20  Drone  
  14  0:31  Drone x2  
  16  0:50  Hatchery  
  16  0:52  Drone  
  16  0:56  Drone  
  17  0:59  Drone  
  18  1:10  Extractor  
  17  1:16  Spawning Pool  
  16  1:19  Drone  
  16  1:22  Drone  
  18  1:28  Drone  
  19  1:40  Drone  
  20  1:50  Overlord  
  20  2:03  Queen x2, Zergling x4  
  26  2:13  Drone x2  
  26  2:15  Metabolic Boost  
  28  2:26  Drone x2  
  30  2:36  Hatchery  
  29  2:43  Queen  
  31  2:49  Drone  
  32  2:51  Pneumatized Carapace  
  32  3:04  Overlord  
  32  3:05  Drone x3  
  35  3:17  Drone  
  36  3:24  Queen  
  36  3:25  Drone  
  36  3:26  Drone x4  
  43  3:30  Drone  
  44  3:35  Lair  
  44  3:40  Overlord  
  44  3:47  Baneling Nest  
  43  3:51  Drone x2  
  43  3:52  Drone x3  
  48  3:57  Overlord  
  48  4:05  Queen  
  48  4:06  Queen  
  52  4:10  Zergling x4  
  52  4:12  Zergling x2  
  52  4:13  Zergling x2  
  56  4:17  Drone x2  
  56  4:20  Drone x2  
  60  4:26  Overlord  
  60  4:29  Drone x4  
  60  4:30  Drone  
  65  4:41  Overlord  
  65  4:46  Drone x3  
  65  4:47  Hatchery  
  65  4:49  Baneling x3  
  65  4:50  Baneling  
  67  4:57  Baneling  
  67  5:01  Baneling  
  67  5:03  Queen x2  
  67  5:04  Drone x4  
  75  5:10  Baneling  
  75  5:16  Drone x7  
  75  5:18  Extractor  
  75  5:20  Extractor  
  80  5:23  Overlord, Baneling  
  80  5:33  Evolution Chamber  
  79  5:45  Drone x10  
  79  5:46  Drone  
  79  5:48  Extractor  
  79  5:49  Extractor  
  88  5:58  Overlord x2  
  88  5:59  Zerg Melee Weapons Level 1  
  88  6:00  Evolution Chamber  
  88  6:01  Drone x2  
  87  6:23  Drone  
  87  6:25  Extractor, Drone  
  88  6:26  Zergling x2  
  88  6:27  Hydralisk Den, Zergling x24  
  100  6:33  Centrifical Hooks  
  100  6:35  Zerg Ground Armor Level 1  
  100  6:45  Drone  
  100  6:46  Drone x7  
  108  6:51  Queen x2  
  108  6:52  Overlord x2  
  112  7:05  Muscular Augments  
  112  7:10  Queen x2  
  112  7:15  Drone x12  
  128  7:17  Extractor  
  128  7:18  Extractor, Overlord  
  126  7:28  Hatchery  
  125  7:47  Drone x4  
  129  7:53  Overlord x3  
  129  7:56  Lurker Den, Infestation Pit  
Show
View Real Time Build Order
Export as new Build Order

Eleven Zerg 

Build Orders:  

Get SALT Encoding   

  12  0:00  Probe  
  13  0:13  Probe  
  14  0:19  Pylon  
  14  0:36  Assimilator  
  14  0:43  Gateway  
  14  0:46  Pylon  
  14  1:14  Assimilator  
  14  1:24  Probe  
  14  1:32  Probe  
  15  1:33  Zealot, Cybernetics Core  
  18  1:40  Probe  
  19  1:50  Probe  
  20  1:59  Warp Gate  
  20  2:00  Probe  
  21  2:08  Probe  
  22  2:43  Stalker  
  24  6:10  Probe  
  22  6:18  Probe  
  23  6:26  Probe  
  24  7:09  Probe  
  24  7:10  Adept  
  24  7:13  Pylon  
  26  7:15  Robotics Facility  
  26  7:16  Nexus  
  26  7:21  Probe  
  27  7:31  Probe  
  28  7:39  Probe  
  29  7:47  Probe  
  25  7:59  Probe  
  25  8:04  Observer, Zealot  
Show
View Real Time Build Order
Export as new Build Order

A.I. 2 (Very Easy) Protoss - Winner!

Build Orders:  

Get SALT Encoding   

Tags
 
Add a new tag
Caveats
  • Supply blocks, unpowered buildings, or Contaminate may cause inaccurate times.
  • Supply counts are checked every 10 seconds.